Map: Abyssal Reef LE

Players

meowmeowcute - Winner!

  • Race: Protoss Protoss
  • Spawn Location: 5:00

VOD

Have the link to the VOD?

Description

Time

  • Played on: Dec. 20, 2017, 2:13 p.m.
  • Length: 21:13
Show
View Real Time Build Order
Export as new Build Order

meowmeowcute Protoss - Winner!

Build Orders:  

Get SALT Encoding   

  12  0:09  Probe (Chrono Boost)  
  13  0:35  Pylon  
  13  0:43  Assimilator  
  13  0:48  Probe (Chrono Boost)  
  14  1:05  Gateway  
  14  1:20  Forge  
  14  1:32  Pylon  
  14  1:43  Probe (Chrono Boost)  
  15  1:54  Assimilator  
  16  2:00  Probe (Chrono Boost)  
  16  2:17  Probe (Chrono Boost)  
  17  2:26  Cybernetics Core  
  17  2:35  Probe (Chrono Boost)  
  18  2:52  Probe (Chrono Boost)  
  18  2:56  Zealot  
  21  3:13  Probe (Chrono Boost)  
  21  3:17  Pylon  
  23  3:30  Probe (Chrono Boost)  
  23  3:53  Stalker  
  25  4:14  Protoss Ground Armor Level 1  
  25  4:25  Probe (Chrono Boost)  
  26  4:35  Sentry  
  28  5:19  Stargate, Zealot  
  30  5:48  Nexus  
  30  5:51  Gateway  
  30  5:55  Probe (Chrono Boost)  
  31  6:12  Probe (Chrono Boost)  
  32  6:26  Pylon  
  32  6:29  Probe (Chrono Boost)  
  33  6:51  Assimilator  
  33  6:54  Protoss Shields Level 1  
  33  6:55  Assimilator  
  33  6:58  Stargate  
  33  7:07  Zealot  
  33  7:09  Zealot  
  37  7:20  Protoss Air Armor Level 1  
  37  7:32  Probe (Chrono Boost)  
  38  7:45  Stalker  
  38  7:47  Stalker  
  38  7:49  Probe (Chrono Boost)  
  43  7:57  Phoenix  
  45  8:03  Phoenix  
  45  8:06  Probe (Chrono Boost)  
  48  8:23  Probe (Chrono Boost)  
  50  8:40  Probe (Chrono Boost), Stalker  
  50  8:43  Photon Cannon  
  50  8:44  Stalker  
  54  8:57  Probe (Chrono Boost)  
  55  9:22  Zealot  
  57  9:35  Zealot  
  59  9:45  Probe (Chrono Boost)  
  60  10:00  Zealot  
  62  10:15  Robotics Facility  
  62  10:16  Probe (Chrono Boost)  
  57  10:32  Probe (Chrono Boost)  
  58  10:53  Probe (Chrono Boost)  
  59  11:10  Pylon  
  59  11:19  Probe (Chrono Boost)  
  60  11:21  Pylon  
  60  11:29  Zealot  
  62  11:35  Zealot  
  62  11:38  Probe (Chrono Boost)  
  65  11:55  Probe (Chrono Boost)  
  66  12:08  Unknown  
  67  12:12  Probe (Chrono Boost)  
  67  12:17  Nexus  
  67  12:19  Phoenix  
  69  12:20  Phoenix  
  69  12:28  Immortal  
  69  12:29  Probe (Chrono Boost)  
  76  12:46  Probe (Chrono Boost)  
  77  13:20  Pylon  
  77  13:26  Pylon  
  77  13:45  Immortal, Zealot x2  
  85  14:00  Fleet Beacon  
  85  14:12  Robotics Bay  
  86  14:20  Probe (Chrono Boost)  
  86  14:23  Zealot x2  
  90  14:30  Protoss Ground Weapons Level 1  
  90  14:32  Protoss Air Weapons Level 1  
  90  14:37  Probe (Chrono Boost)  
  91  14:40  Immortal  
  95  14:54  Probe (Chrono Boost)  
  96  15:01  Zealot x2  
  96  15:03  Assimilator  
  96  15:09  Carrier  
  107  15:11  Probe (Chrono Boost)  
  107  15:28  Probe (Chrono Boost)  
  108  15:45  Probe (Chrono Boost)  
  109  16:02  Pylon x2  
  109  16:07  Probe (Chrono Boost)  
  109  16:09  Immortal  
  108  16:24  Probe (Chrono Boost)  
  108  16:27  Carrier  
  116  16:41  Probe (Chrono Boost)  
  116  16:43  Zealot x2  
  120  16:57  Pylon  
  120  16:58  Probe (Chrono Boost)  
  121  17:01  Pylon  
  121  17:10  Unknown  
  121  17:12  Carrier  
  125  17:22  Zealot x2  
  125  17:24  Probe (Chrono Boost)  
  126  17:34  Unknown  
  122  18:00  Zealot x2  
  122  18:07  Colossus, Unknown, Pylon  
  132  18:10  Pylon  
  132  18:20  Unknown  
  132  18:38  Zealot x2  
  134  19:16  Zealot x2  
  138  19:22  Colossus  
  134  20:19  Zealot x2  
  138  20:24  Phoenix x2  
Tags
 
Add a new tag
Caveats
  • Supply blocks, unpowered buildings, or Contaminate may cause inaccurate times.
  • Supply counts are checked every 10 seconds.